AoeStats
← WO² Schlitz

Arabia

505272801Analyzed
1v1 RM · 24d ago on Sep 8, 2026· 18m 38s· 2 players
Game mode
Random Map
Map size
Tiny (2 player)
Population
200
Speed
Normal
Resources
Standard
Victory
Conquest
Starting age
Dark Age
Ending age
Imperial Age
RankedLock teamsTeams togetherTeam positionsShared explorationLock speedFull tech treeHidden civsTurbo modeCheats
Victory
Defeat
🇧🇷 Britons · Brazil
927
+15
🇩🇪 Mongols · Germany
909
-42
WO² Schlitz
11:22 Feudal Age
13:51 Double-Bit Axe
14:18 Horse Collar
16:29 Wheelbarrow
ramadan.paro
10:27 Feudal Age
9:37 Loom
11:29 Double-Bit Axe
16:28 Gold Mining
17:12 Arson
Connection lost

Rejoining the realm…

Still unreachable

The connection could not be restored.

Session expired

The server has moved on; the page needs a fresh start.